 Dungeon Crawl Stone Soup version 0.30-a0-956-gcec3b41aec (webtiles) character file.

Game seed: 11532415400523040614

637 cforsyth the Cudgeller (level 7, -1/57 HPs)
             Began as a Formicid Fighter on Mar 29, 2023.
             Slain by Edmund
             ... wielding a +2 heavy dire flail
              (6 damage)
             ... on level 4 of the Dungeon.
             The game lasted 00:03:50 (2649 turns).

cforsyth the Cudgeller (Formicid Fighter)           Turns: 2649, Time: 00:03:51

Health: -1/57      AC:  8    Str: 17 (20) XL:     7   Next: 79%
Magic:  7/7        EV: 14    Int:  5 (8)  God:
Gold:   226        SH:  4    Dex: 11 (13) Spells: 6/6 levels left

rFire   . . .      SeeInvis +    m - +0 morningstar
rCold   . . .      Faith    .    c - +0 buckler
rNeg    . . .      Spirit   .    b - +0 scale mail
rPois   .          Reflect  .    (helmet unavailable)
rElec   .          Rampage  .    g - +0 cloak
rCorr   .                        (no gloves)
Will    .....                    (no boots) Stlth
                                 (no amulet)
HPRegen 0.29/turn                p - +4 ring of slaying
MPRegen 0.10/turn                r - +5 ring of evasion

@: no status effects
A: permanent stasis, dig shafts and tunnels, antennae 3, four strong arms, weak
1
a: Dig, Shaft Self


You were on level 4 of the Dungeon.
You visited 1 branch of the dungeon, and saw 4 of its levels.

You collected 226 gold pieces.

Inventory:

Hand Weapons
 a - a +0 flail
 m - a +0 morningstar (weapon)
Armour
 b - a +0 scale mail (worn)
 c - a +0 buckler (worn)
 g - a +0 cloak (worn)
Jewellery
 p - a +4 ring of slaying (left hand)
 r - a +5 ring of evasion (right hand)
Scrolls
 k - a scroll of identify
 n - a scroll of vulnerability
 t - a scroll of fear {unknown}
Potions
 j - 2 potions of curing
 o - a potion of cancellation


   Skills:
 + Level 5.9 Fighting
 * Level 6.5 Maces & Flails
 - Level 3.5 Armour
 - Level 4.3 Shields


You had 6 spell levels left.
You didn't know any spells.
Your spell library contained the following spells:

 Spells                   Type           Power      Damage    Failure   Level
 Slow                     Hex            0%         N/A       91%         1
 Sting                    Tmut/Pois      0%         1d3       91%         1
 Poisonous Vapours        Pois/Air       0%         N/A       97%         2
 Call Canine Familiar     Summ           0%         N/A       100%        3
 Confusing Touch          Hex            0%         N/A       100%        3
 Portal Projectile        Hex/Tloc       0%         N/A       100%        3
 Vampiric Draining        Necr           0%         2d6       100%        3
 Leda's Liquefaction      Hex/Erth       0%         N/A       100%        4
 Olgreb's Toxic Radiance  Pois           0%         N/A       100%        4


Dungeon Overview and Level Annotations

Branches:
Dungeon (4/15)
 Temple: D:4-7

Altars:
Fedhas
Nemelex Xobeh

Annotations:
D:3 3 runed translucent doors, EonDragon20's ghost, amateur MfTm
D:4 Duvessa; Edmund


Innate Abilities, Weirdness & Mutations

You cannot be hasted, slowed, berserked, paralysed or teleported.
You can dig through walls and to a lower floor.
You have a pair of large antennae on your head. (SInv)
Your four strong arms can wield two-handed weapons with a shield.
You are weak. (Str -2)


Message History

It was a potion of degeneration.
There was something very wrong with that liquid.
You feel weakened.
You feel dopey.
You feel clumsy.
You start resting.
You feel your willpower return.
You start resting.
You feel a little less mighty now.
You start resting.
You feel a little less clever now.
You climb downwards.
You hear the hiss of flowing sand.
There is an entrance to an ossuary on this level.
Hurry and find it before the portal is buried!
Level annotation: Edmund The ball python bites you.
The ball python closely misses you.
Edmund hits you with a +2 heavy dire flail!
* * * LOW HITPOINT WARNING * * *
The ball python bites you.
* * * LOW HITPOINT WARNING * * *
The ball python barely misses you.
There is a stone staircase leading up, spattered with blood here.
You see here 2 potions of haste.
You puncture Edmund!
Edmund is moderately wounded.
The ball python misses you. The ball python closely misses you.
Edmund hits you with a +2 heavy dire flail!
* * * LOW HITPOINT WARNING * * *
You closely miss Edmund.
Edmund is moderately wounded.
The ball python barely misses you. The ball python misses you. x2
The ball python barely misses you. Edmund closely misses you.
You hit Edmund but do no damage.
Edmund is moderately wounded.
The ball python misses you. The ball python closely misses you.
Duvessa, Sister of Dowan comes into view.
She is wielding a +0 short sword.
You sock Edmund!
Edmund is moderately wounded.
You hear the slow hiss of a distant avalanche of sand.
The ball python closely misses you. The ball python barely misses you.
Edmund hits you with a +2 heavy dire flail.
You die...

,,,**,* *,* *****,* *,##### ****
*****,***,#...# *,,,
,,,*#,*,,,+...#########** *,**
,*,##.#,,##...#........,******,*
,*,#....,#..........#**,.,,,,*,*
,*,......#........#.###..***,*,*
,,,.......?.....@.......,,>*,*,*
,*,.<#..##.#.#.#@.#..#.,,*,*,*,**
,*,**#.,*#.#.###S#...#,,,*,,,*,,,
,*,* *,,*#.#.#.....#.#,,,*,***,**
,*** *,,,..#.#.#.....#,,,,,,,,,*,
,* ****+*###.#.##...##,,**,*****,
,* *,,,,,**#(#...........#,* ***,
,* *,,,,,+,.?@..#.#..#####,***,,,
,* *,,,,,**#.....e.....,,,,,**,**
,* *,,,,,* ####.#.#.####**,**,,,*


You could see Edmund, Duvessa and a ball python.

Vanquished Creatures
  Pikel (D:3)
  A phantom (D:3)
  A lemure (D:3)
  A bullfrog (D:4)
  2 adders (D:2)
  3 dart slugs
  5 ball pythons
  8 endoplasms
  2 giant cockroaches
  2 goblins (D:1)
  2 hobgoblins
  A quokka (D:2)
  6 bats
  5 frilled lizards
  6 rats
46 creatures vanquished.

Notes
Turn   | Place    | Note
-------+----------+-------------------------------------------
     0 | D:1      | cforsyth the Formicid Fighter began the quest for the Orb.
     0 | D:1      | Reached XP level 1. HP: 18/18 MP: 1/1
    97 | D:1      | Reached XP level 2. HP: 24/24 MP: 2/2
   635 | D:1      | Reached XP level 3. HP: 29/29 MP: 3/3
   982 | D:2      | Found a sparkling altar of Nemelex Xobeh.
  1008 | D:2      | Found a faded altar of an unknown god.
  1151 | D:2      | Reached skill level 3 in Maces & Flails
  1403 | D:2      | Reached XP level 4. HP: 33/37 MP: 4/4
  1765 | D:3      | Noticed a phantom
  1783 | D:3      | Killed a phantom
  1784 | D:3      | Reached skill level 4 in Maces & Flails
  1784 | D:3      | Reached XP level 5. HP: 23/43 MP: 5/5
  2177 | D:3      | Found a runed translucent gate.
  2177 | D:3      | Found a runed translucent gate.
  2178 | D:3      | Found a runed translucent gate.
  2181 | D:3      | Noticed EonDragon20's ghost (amateur MfTm)
  2268 | D:3      | Found a blossoming altar of Fedhas.
  2466 | D:4      | Noticed a lemure
  2468 | D:4      | Noticed a lemure
  2469 | D:4      | Noticed a lemure
  2469 | D:4      | Noticed Pikel
  2480 | D:3      | Killed a lemure
  2554 | D:4      | Noticed a lemure
  2570 | D:3      | Killed Pikel
  2571 | D:3      | Reached skill level 5 in Fighting
  2571 | D:3      | Reached skill level 6 in Maces & Flails
  2571 | D:3      | Reached XP level 6. HP: 10/52 MP: 6/6
  2571 | D:3      | Reached XP level 7. HP: 11/57 MP: 7/7
  2599 | D:4      | Noticed Edmund
  2606 | D:3      | Gained mutation: You are weak. (Str -2) [potion of
                  | mutation]
  2648 | D:4      | Noticed Duvessa
  2649 | D:4      | Slain by Edmund

Illustrated notes

Levels and vault maps discovered:
D:1:      minmay_arrival_five_plusses, layout_loops_ring,
          chequers_serial_rivers_small_b, nicolae_kite_square_tiling_tiny
D:2:      layout_basic, basic_altar, hellmonk_ecumenical_altar_slurped_away
D:3:      layout_loops_ring, fedhas_altar_fruit_tree, ebering_ghost_rock_garden
D:4:      layout_basic, gammafunk_temple_overflow_arena,
          mainiacjoe_overflow_swirl, nicolae_ossuary_entry_catacombs,
          glass_columns_a, chequers_serial_rivers_small_a,
          hangedman_decor_clover_reticule, amcnicky_mini_pool_small, uniq_robin,
          uniq_pikel, uniq_duvessa, uniq_edmund

Skill      XL: |  1  2  3  4  5 |
---------------+----------------+-----
Maces & Flails | 3 4 6 |  6.5
Fighting       | 4 5 |  5.9
Armour         | |  3.5
Shields        | |  4.3

Action                     |  1- 3 |  4- 6 |  7- 9 || total
---------------------------+-------+-------+-------++-------
  Melee: Flail             |    47 |       |       ||    47
         Morningstar       |    39 |    58 |     5 ||   102
    Use: Scroll            |       |     3 |     5 ||     8
         Potion            |       |     1 |     3 ||     4
 Armour: Scale mail        |    47 |    17 |       ||    64
  Dodge: Dodged            |    42 |    18 |    13 ||    73
  Block: Buckler           |    31 |    11 |       ||    42

Table legend: (Time is in decaauts)
 A = Elapsed time spent in this place.
 B = Non-inter-level travel time spent in this place.
 C = Inter-level travel time spent in this place.
 D = Time resting spent in this place.
 E = Time spent auto-exploring this place.
 F = Levels seen in this place.
 G = Mean time per level.
                   A        B        C        D        E       F      G
               +--------+--------+--------+--------+--------+-----+--------+
         Total |   2703 |   2578 |    125 |     56 |   2099 |   4 |  675.8 |
       Dungeon |   2703 |   2578 |    125 |     56 |   2099 |   4 |  675.8 |
               +--------+--------+--------+--------+--------+-----+--------+

Top non-repeatable levels by time:
     D:3: 1016 daAuts
     D:2: 829 daAuts
     D:1: 814 daAuts
     D:4: 43 daAuts
